 Dungeon Crawl Stone Soup version 0.29-a0-356-g7bc237e783 (webtiles) character file.

Game seed: 14393593968219072558

82 klau3 the Skirmisher (level 4, 41/73 HPs)
             Began as an Ogre Berserker on Apr 26, 2022.
             Was a Believer of Trog.
             Quit the game on level 2 of the Dungeon.
             The game lasted 00:09:30 (1312 turns).

klau3 the Skirmisher (Ogre Berserker)               Turns: 1312, Time: 00:09:31

Health: 41/73      AC: 22    Str: 29    XL:     4   Next: 43%
Magic:  4/4        EV:  1    Int:  8    God:    Trog [**....]
Gold:   92         SH:  0    Dex:  8    Spells: 3/3 levels left

rFire   x . .      SeeInvis .   a - +0 hand axe
rCold   + . .      Faith    .   (no shield)
rNeg    . . .      Spirit   .   (body armour currently unavailable)
rPois   +          Reflect  .   (helmet currently unavailable)
rElec   .          Harm     .   (cloak currently unavailable)
rCorr   .          Rampage  .   (gloves unavailable)
Will    .....      NoTele   +   (boots unavailable)
Stlth   +.........              (no amulet)
HPRegen 0.22/turn               e - ring of ice
MPRegen 0.09/turn               n - +6 ring of strength

@: tree-form, attractive, invisible
A: stationary, stasis, torment immunity, boosted hp, large, unfitting armour,
(tough skin 1)
a: Renounce Religion, Berserk, Trog's Hand


You were on level 2 of the Dungeon.
You worshipped Trog.
Trog was pleased with you.
You were a tree.
You visited 1 branch of the dungeon, and saw 2 of its levels.

You collected 92 gold pieces.

Inventory:

Hand Weapons
 a - a +0 hand axe (weapon)
 g - a +0 war axe
 h - a +0 hunting sling
 j - a +2 dagger of electrocution
 l - a +2 short sword of draining
 m - a +0 spear
 o - a +0 spear
 r - a +0 dagger
Missiles
 i - 33 stones (quivered)
 t - 4 poisoned darts
Armour
 b - a +0 animal skin (melded)
 u - a +2 ring mail of willpower
Jewellery
 e - a ring of ice (left branch)
 n - a +6 ring of strength (right branch)
Scrolls
 c - 3 scrolls of identify
 d - a scroll of fear
 q - a scroll of noise {unknown}
 v - a scroll of teleportation {unknown}


   Skills:
 + Level 4.6 Fighting
 + Level 4.0 Axes
 + Level 3.3 Dodging
 + Level 0.4 Stealth


You had 3 spell levels left.
You didn't know any spells.
Your spell library contained the following spells:

 Spells                   Type           Power      Damage    Failure   Level
 Ensorcelled Hibernation  Hex/Ice        0%         N/A       54%         2
 Spider Form              Tmut/Pois      0%         N/A       78%         3
 Anguish                  Hex/Necr       0%         N/A       99%         4


Dungeon Overview and Level Annotations

Branches:
Dungeon (2/15)

Altars:


Innate Abilities, Weirdness & Mutations

You are a tree.
Your roots penetrate the ground, keeping you stationary.
You cannot be teleported.
You are immune to unholy pain and torment.
Your maximum health is greatly increased.
Your equipment is partially melded.
You are too large for most types of armour.
((You have tough skin. (AC +1)))


Message History

You cannot move.
You cannot move.
You cannot move.
You cannot move.
You cannot move.
You cannot move.
It was a potion of curing.
You feel better.
You cannot move.
You cannot move.
It was a potion of attraction.
You feel attractive to monsters.
It was a potion of invisibility.
You fade into invisibility!
It was a potion of heal wounds.
You feel much better.
You cannot move.
You cannot move.
You cannot move.
You cannot move.
You cannot move.
You cannot move.
You cannot move.
You cannot move.
You cannot move.
You cannot move.
You cannot move.
You cannot move.
You can't see any enemies this would affect, really read the scroll of fear? [Y]es or [N]o only, please.
You can't see any enemies this would affect, really read the scroll of fear?
Okay, then.
You cannot move.
You cannot move.
You cannot move.
Unknown command.
You cannot move.
You cannot move.
You cannot move.
You cannot move.
You cannot move.
Are you sure you want to abandon this character and quit the game? (Confirm with "yes".)

..# #.....#### #..* #
#######.######.## ##.# #
###...........#.## *.# #
#............###.# *.#
....)...#####.#.## *.#
#.......# *#.## *.#
#.#.###.######.### *.#
#.#.###..........###.#**####
###
#.#.#.....<.....♣...#,,,,..#
#.<
..#.#.#..#.#.#.#)###.#***#.#
#.# #.#)#.#..#)#.#.#.# *.#
##.####.# #<#.#.#....#.#.#.#
*.# #.......#
#.#............#.###.#
#..######
..###.#..............# #..#
### #.....^......##### #..#
####.......#.## #..#
###.......#..## #..#


There were no monsters in sight!

Vanquished Creatures
  3 gnolls (D:2)
  2 dart slugs (D:1)
  4 endoplasms
  A giant cockroach (D:1)
  3 goblins (D:1)
  9 hobgoblins
  4 jackals (D:1)
  7 kobolds
  A quokka (D:2)
  3 ball pythons
  2 bats
  9 rats
48 creatures vanquished.

Notes
Turn   | Place    | Note
-------+----------+-------------------------------------------
     0 | D:1      | klau3 the Ogre Berserker began the quest for the Orb.
     0 | D:1      | Reached XP level 1. HP: 24/24 MP: 1/1
   143 | D:1      | Reached XP level 2. HP: 24/32 MP: 2/2
   402 | D:1      | Reached XP level 3. HP: 19/40 MP: 3/3
   575 | D:1      | Reached ** piety under Trog
  1045 | D:2      | Reached XP level 4. HP: 49/49 MP: 4/4
  1312 | D:2      | Quit the game

Illustrated notes

Levels and vault maps discovered:
D:1:      amcnicky_arrival_feature_with_door, layout_basic, chequers_jeans,
          minmay_pentomino_q4
D:2:      layout_loops_ring

Skill      XL: |  1  2  3 |
---------------+----------+-----
Dodging        | 3 |  3.3
Axes           | 4 |  4.0
Fighting       | |  4.6
Stealth        | |  0.4

Action                   |  1- 3 |  4- 6 || total
-------------------------+-------+-------++-------
Melee: Hand axe          |    81 |    30 ||   111
       Punch             |     1 |       ||     1
Throw: Stone             |     4 |       ||     4
  Use: Scroll            |     3 |       ||     3
       Potion            |       |     5 ||     5
 Stab: Sleeping          |       |     1 ||     1
Armor: Animal skin       |    54 |     1 ||    55
Dodge: Dodged            |    73 |    17 ||    90

Table legend: (Time is in decaauts)
 A = Elapsed time spent in this place.
 B = Non-inter-level travel time spent in this place.
 C = Inter-level travel time spent in this place.
 D = Time resting spent in this place.
 E = Time spent auto-exploring this place.
 F = Levels seen in this place.
 G = Mean time per level.
                   A        B        C        D        E       F      G
               +--------+--------+--------+--------+--------+-----+--------+
         Total |   1324 |    717 |    607 |      0 |      0 |   2 |  662.0 |
       Dungeon |   1324 |    717 |    607 |      0 |      0 |   2 |  662.0 |
               +--------+--------+--------+--------+--------+-----+--------+

Top non-repeatable levels by time:
     D:1: 696 daAuts
     D:2: 628 daAuts
